 Dungeon Crawl Stone Soup version 0.28.0 (webtiles) character file.

Game seed: 9339157871521398394

27 Sharkman1231 the Sneak (level 2, -1/24 HPs)
             Began as a Demonspawn Delver on Feb 6, 2022.
             Slain by a human zombie (4 damage)
             ... in an ossuary.
             The game lasted 00:00:53 (354 turns).

Sharkman1231 the Sneak (Demonspawn Delver)           Turns: 354, Time: 00:00:53

Health: -1/24      AC:  5    Str: 12    XL:     2   Next: 93%
Magic:  2/2        EV: 12    Int: 11    God:
Gold:   12         SH:  0    Dex: 14    Spells: 1/1 levels left

rFire   . . .      SeeInvis .   a - +0 falchion
rCold   . . .      Faith    .   (no shield)
rNeg    . . .      Spirit   .   b - +0 leather armour
rPois   .          Reflect  .   (no helmet)
rElec   .          Harm     .   (no cloak)
rCorr   .          Rampage  .   (no gloves)
Will    .....                   (no boots)
Stlth   +++.......              (no amulet)
HPRegen 0.08/turn               (no ring)
MPRegen 0.08/turn               (no ring)

@: hasted, very quick
A: icy blue scales 1
a: no special abilities


You were in an ossuary.
You visited 1 branch of the dungeon, and saw 1 of its levels.
You also visited: Ossuary.

You collected 12 gold pieces.

Inventory:

Hand Weapons
 a - a +0 falchion (weapon)
Armour
 b - a +0 leather armour (worn)
Wands
 g - a wand of digging (3)
Scrolls
 c - a scroll of fog
 d - a scroll of silence {unknown}
 e - a scroll of fear


   Skills:
 + Level 3.3 Fighting
 + Level 2.1 Long Blades
 + Level 2.1 Dodging
 + Level 4.7 Stealth


You had one spell level left.
You didn't know any spells.
Your spell library was empty.

Dungeon Overview and Level Annotations

Branches:
Dungeon (5/15)            Ossuary (1/1)
 Temple: D:4-7

Altars:


Innate Abilities, Weirdness & Mutations

You are partially covered in icy blue scales. (AC +2)


Message History

You hit the human zombie.
The human zombie is moderately damaged.
The human zombie misses you.
You barely miss the human zombie.
The human zombie is moderately damaged.
You hit the human zombie but do no damage.
The human zombie is moderately damaged.
The human zombie hits you.
You hit the human zombie.
The human zombie is moderately damaged.
The human zombie barely misses you.
You hit the human zombie.
The human zombie is moderately damaged.
You barely miss the human zombie.
The human zombie is moderately damaged.
The human zombie hits you.
You closely miss the human zombie.
The human zombie is moderately damaged.
You barely miss the human zombie.
The human zombie is moderately damaged.
The human zombie barely misses you.
You hit the human zombie.
The human zombie is heavily damaged.
The human zombie misses you.
You barely miss the human zombie.
The human zombie is heavily damaged.
You closely miss the human zombie.
The human zombie is heavily damaged.
The human zombie barely misses you.
You hit the human zombie.
The human zombie is heavily damaged.
The human zombie hits you.
* * * LOW HITPOINT WARNING * * *
You barely miss the human zombie.
The human zombie is heavily damaged.
Unknown command.
You hit the human zombie.
The human zombie is severely damaged.
The human zombie hits you.
You die...

..... ... #.# #'#
## ###.### ##..
##.....## #....
#.......#
#.....###...∩...##
M.....ZZ@..∩∩∩...+
#.....###...∩...##
#.... #.......#
##.Z ##.....## ##
###.### #+#


You could see an elf zombie and a human zombie.

Vanquished Creatures
  2 mummies
2 creatures vanquished.

Notes
Turn   | Place    | Note
-------+----------+-------------------------------------------
     0 | D:5      | Sharkman1231 the Demonspawn Delver began the quest for the
                  | Orb.
     0 | D:5      | Reached XP level 1. HP: 18/18 MP: 1/1
    50 | D:5      | Found a sand-covered staircase.
    72 | D:5      | Gained mutation: You are partially covered in icy blue
                  | scales. (AC +2) [demonic ancestry]
    72 | D:5      | Reached XP level 2. HP: 7/24 MP: 2/2
   253 | Ossuary  | Entered an ossuary
   354 | Ossuary  | Slain by a human zombie

Illustrated notes

Levels and vault maps discovered:
D:5:      layout_loops_ring, lemuel_blue_sif_altar, gup_ossuary_entry_pyramid,
          uniq_crazy_yiuf_cottage, uniq_ijyb
Ossuary:  ossuary_minmay_four_chambers

Skill      XL: |  1 |
---------------+----+-----
Long Blades    | 2 |  2.1
Dodging        | 2 |  2.1
Fighting       | |  3.3
Stealth        | |  4.7

Action                   || total
-------------------------++-------
Melee: Falchion          ||    46
       Punch             ||     2
  Use: Scroll            ||     1
       Potion            ||     1
Armor: Leather armour    ||     2
Dodge: Dodged            ||    19
